[Event "Late-Titled-Tuesday-Blitz-June-18-2024"]
[Site "Chess.com"]
[Date "2024.06.18"]
[Round "11"]
[White "Abund"]
[Black "BardArtem"]
[Result "0-1"]
[WhiteElo "2688"]
[BlackElo "2866"]
[TimeControl "180+1"]
[EndTime "16:08:08 PDT"]
[Termination "BardArtem won by resignation"]

1. e4 e5 2. Nf3 Nc6 3. Bb5 Nge7 4. O-O Ng6 5. d4 exd4 6. Nxd4 Bc5 7. Nf5 O-O 8. Be3 Bxe3 9. Nxe3 d6 10. Nc3 Kh8 11. a3 f5 12. exf5 Bxf5 13. Nxf5 Rxf5 14. Bd3 Rf8 15. Bxg6 hxg6 16. Qg4 Qf6 17. Nd5 Qf7 18.
Rad1 Rae8 19. Qh4+ Kg8 20. Rd3 Re5 21. c4 Rh5 22. Qg3 Ne5 23. Rd4 c6 24. Ne3 Qf6 25. Re4 Rg5 26. Qh3 Nf3+ 27. Kh1 Nd2 28. Re6 Qf7 29.
Rd1 Qxf2 30. Rxd6 Nxc4 31. Qe6+ Kh8 32. Qxc4 Qxe3 33. Rd8 Rf5 34. Qh4+ Qh6 35. Qe7 Rxd8 36. Qxd8+ Kh7 37. Qd3 Qf4 38. h3 c5 39. Qd7 b6 40.
Qxa7 Qe4 41. Qd7 Rf2 42. Qg4 Qxg4 43. hxg4 Rxb2 44. Rd6 c4 45. Rc6 b5 46. Rc5 Kh6 47.
Kh2 Kh7 48. Rc8 Rb3 49. Rc5 c3 50. g3 Rxa3 51. Rxb5 c2 52. Rc5 Ra2 53. Kh3 Kg8 54. Rc7 Kf8 55. g5 Ke8 56. Rc5 Kd7 57. Rc3 Kd6 58. Rc8 Ke5 59. Rc4 Kd5 60. Rc8 Kd4 61. Kg4 Ke3 62. Re8+ Kd2 63. Rd8+ Kc1 64. Kf4 Kb1 65.
Rc8 c1=Q+ 66. Rxc1+ Kxc1 67. Ke5 Ra6 68. g4 Kd2 69. Kf4 Ke2 70. Kg3 Ke3 71. Kh4 Kf4 72. Kh3 Ra1 73. Kg2 Kxg4 0-1

[Event "Late-Titled-Tuesday-Blitz-June-18-2024"]
[Site "Chess.com"]
[Date "2024.06.18"]
[Round "11"]
[White "Evan_Attaker"]
[Black "jcibarra"]
[Result "0-1"]
[WhiteElo "2759"]
[BlackElo "2991"]
[TimeControl "180+1"]
[EndTime "16:08:15 PDT"]
[Termination "jcibarra won by checkmate"]

1. a3 g6 2. h4 Nf6 3. Nf3 Bg7 4. c4 O-O 5. b3 d6 6. Bb2 e5 7.
d3 Nh5 8. e3 Nc6 9. Nc3 h6 10.
Be2 f5 11. Qc2 f4 12. e4 Bg4 13. Nd5 Nf6 14. b4 Nd7 15. b5 Ne7 16. Ng5 Bxe2 17. Ne6 Bxd3 18. Nxd8 Bxc2 19. Nxe7+ Kh7 20. Nxb7 Bxe4 21.
Na5 Bxg2 22. Rg1 Be4 23. Nd5 Nc5 24. Bc3 Bxd5 25. cxd5 e4 26. Bxg7 Kxg7 27. Ke2 Rf5 28. Rad1 a6 29. b6 cxb6 30. Nc4 Rf6 31. Nxb6 Rb8 32. Rb1 Rf7 33. Nc4 Rfb7 34. Rxb7+ Rxb7 35. Rd1 Rb3 36. Nxd6 f3+ 37. Kf1 Rxa3 38. Nc4 Rd3 39.
Rxd3 exd3 40. Ke1 Ne4 41. d6 Kf6 42. d7 Ke7 43. Ne5 d2+ 44. Kd1 Nxf2+ 45. Kxd2 Ne4+ 46. Ke3 f2 47. Ke2 g5 48. hxg5 hxg5 49. Kf1 Kd8 50. Kg2 Kc7 51. Kf1 Nf6 52. Nf7 Kxd7 53. Nxg5 Ng4 54.
Ne4 a5 55. Nc3 Kc6 56. Kg2 Kc5 57. Ne4+ Kd4 58. Nd6 a4 59. Nb5+ Kc5 60. Na3 Kb4 61. Nb1 Kb3 62. Nd2+ Kb4 63. Kf3 a3 64. Kxg4 a2 65. Kf3 a1=Q 66. Kxf2 Kc3 67. Nf3 Kd3 68. Kg3 Ke3 69. Nh2 Qe5+ 70. Kg2 Qe4+ 71. Kg3 Qf4+ 72.
Kg2 Qg5+ 73. Kh3 Kf4 74. Nf3 Qg3# 0-1

[Event "Late-Titled-Tuesday-Blitz-June-18-2024"]
[Site "Chess.com"]
[Date "2024.06.18"]
[Round "11"]
[White "SRob2003"]
[Black "Igor_Lysyj"]
[Result "1-0"]
[WhiteElo "2723"]
[BlackElo "2833"]
[TimeControl "180+1"]
[EndTime "16:08:20 PDT"]
[Termination "SRob2003 won by resignation"]

1. e4 e5 2. Nf3 Nc6 3. Bb5 a6 4. Ba4 Nf6 5. O-O Nxe4 6. Nxe5 Nxe5 7. Re1 b5 8. Rxe4 bxa4 9. Rxe5+ Be7 10. Qe1 d6 11.
Re2 Be6 12. d4 d5 13. Nc3 Qd7 14. f4 g6 15. f5 gxf5 16. Bh6 Bf6 17. Qf2 Rg8 18. b3 Rg6 19. Bf4 axb3 20. axb3 Kf8 21. Be5 Be7 22. Re3 Kg8 23. Ne2 Bg5 24. Nf4 Bxf4 25.
Bxf4 a5 26. Qh4 f6 27. Rae1 Re8 28. h3 Bf7 29. Rxe8+ Bxe8 30. Bxc7 f4 31. Qxf4 Bf7 32. Kh2 h5 33. Bd6 Qc6 34. Re2 Qc3 35. Bc5 Kg7 36.
Qd6 Kh7 37. Re7 Rg7 38. Re2 Rg6 39. Rf2 Qe3 40. Qf4 Qxf4+ 41. Rxf4 Be6 42. Bb6 f5 43.
Bxa5 Rg8 44. Bc7 Rc8 45. Be5 Rxc2 46. Rf3 Rb2 47. Rg3 f4 48. Bxf4 Bf5 49. Be5 Be4 50. Rg7+ Kh6 51. h4 Rxb3 52. Rg5 Rb2 53. Bf4 Kh7 54. Rxh5+ Kg6 55. Rg5+ Kf6 56. Be5+ Ke6 57. h5 Rf2 58. h6 Rf7 59. Rh5 Rf2 60. Rg5 Rf7 61.
Kg3 Rf1 62. Kg4 Rg1 63. g3 Rh1 64. Bg7 Bd3 65. Re5+ Kd6 66. Kg5 Be2 67. g4 Bd3 68.
Re8 Be4 69. Re5 Kc6 70. Bf8 Kb5 71. Kf6 Kc4 72. g5 Rf1+ 73. Kg7 Kxd4 74. Rxe4+ dxe4 75. h7 Rh1 76. h8=Q Rxh8 77. Kxh8 Ke5 78. g6 Kf6 79. g7 e3 80. g8=Q 1-0

[Event "Late-Titled-Tuesday-Blitz-June-18-2024"]
[Site "Chess.com"]
[Date "2024.06.18"]
[Round "11"]
[White "ChEsper99"]
[Black "Roedor"]
[Result "1/2-1/2"]
[WhiteElo "2254"]
[BlackElo "2428"]
[TimeControl "180+1"]
[EndTime "16:08:27 PDT"]
[Termination "Game drawn - insufficient material"]

1. e4 e5 2. Nf3 Nc6 3. Nc3 Nf6 4. d4 exd4 5. Nxd4 Bb4 6. Nxc6 bxc6 7. Bd3 d5 8. exd5 cxd5 9. O-O O-O 10. h3 c6 11. Qf3 Re8 12. Bg5 Be6 13. Ne2 Bd6 14. Nf4 Rb8 15. b3 h6 16. Nxe6 Rxe6 17. Bf4 Bxf4 18.
Qxf4 Qd6 19. Qxd6 Rxd6 20. Rfe1 Kf8 21. Re2 Re8 22. Rae1 Rxe2 23. Rxe2 Nd7 24. c3 Nc5 25. Bc2 g6 26. b4 Ne6 27. Bb3 Nf4 28. Re1 g5 29. Kh2 Rf6 30. Bc2 Ne6 31. Kg1 Ke7 32. g3 Kd6 33. Kg2 h5 34. Rb1 c5 35. b5 d4 36. cxd4 Nxd4 37. Bd1 h4 38. a4 Re6 39. a5 Kc7 40. Bh5 f6 41. Rc1 Re5 42. Rb1 hxg3 43. fxg3 Re3 44. b6+ axb6 45. axb6+ Kb8 46.
Bf7 Re2+ 47. Kf1 Rh2 48. Bd5 Nc2 49. Kg1 Rd2 50. Bg2 c4 51. Rb2 Rd1+ 52. Kh2 Rd2 53. Ra2 Rxg2+ 54. Kxg2 Nb4 55. Ra4 Nd5 56. Rxc4 Nxb6 57.
Rb4 Kc7 58. Kf3 Nd5 59. Rd4 Kd6 60. h4 gxh4 61. gxh4 Ke5 62. Re4+ Kf5 63. Ra4 Ne7 64. Ra5+ Kg6 65. Kg4 Ng8 66. h5+ Kh6 67. Ra8 Kg7 68. Kf5 Nh6+ 69. Ke6 Ng4 70. Ra4 Nh6 71. Rh4 Ng8 72.
Rg4+ Kh7 73. Kf7 Nh6+ 74. Kxf6 Nxg4+ 75. Kg5 Nf2 76. Kh4 Ne4 77. h6 Nf6 78. Kh3 Ng8 79. Kh2 Nxh6 1/2-1/2

[Event "Late-Titled-Tuesday-Blitz-June-18-2024"]
[Site "Chess.com"]
[Date "2024.06.18"]
[Round "11"]
[White "ninjatrick"]
[Black "EliteChess0967"]
[Result "0-1"]
[WhiteElo "2462"]
[BlackElo "2403"]
[TimeControl "180+1"]
[EndTime "16:08:29 PDT"]
[Termination "EliteChess0967 won by checkmate"]

1. e4 e5 2. Nf3 Nc6 3. Bb5 a6 4.
Ba4 Nf6 5. O-O Be7 6. Re1 b5 7. Bb3 d6 8. c3 O-O 9. d3 Na5 10. Bc2 c5 11. Nbd2 Nc6 12. Nf1 Re8 13. Ng3 h6 14. h3 Bd7 15. Be3 Bf8 16. d4 Qc7 17. Qe2 exd4 18. cxd4 cxd4 19. Nxd4 d5 20. Rac1 Qb7 21.
exd5 Nxd4 22. Qd2 Nxc2 23. Qxc2 Rac8 24. Qd3 Qxd5 25. Qe2 Bc6 26. f3 Bb7 27. Rcd1 Qc4 28. Qf2 Bc5 29. Nf5 Bxe3 30. Rxe3 Rxe3 31. Qxe3 Qc5 32.
Qxc5 Rxc5 33. Rd8+ Kh7 34. Nd4 Rd5 35. Rxd5 Bxd5 36.
b3 Kg6 37. Kf2 Nd7 38. f4 Kf6 39. g4 g5 40. Ne2 Nc5 41. Ke3 Ne6 42. f5 Nf4 43.
Nxf4 gxf4+ 44. Kxf4 a5 45. h4 Ke7 46. Ke5 Bf3 47. g5 h5 48. a3 Bd1 49. b4 axb4 50. axb4 Be2 51. g6 f6+ 52. Kd4 Bg4 53. Ke4 Bh3 54.
Kf4 Bf1 55. Ke4 Be2 56. Kd4 Bc4 57. Kc5 Kf8 58. Kd6 Kg7 59. Ke7 Bd3 60. Ke6 Bc2 61. Kd5 Bxf5 62. Kc5 Bd3 63. Kd4 Bc4 64. Ke4 Kxg6 65.
Kf4 f5 66. Ke5 Bd3 67. Ke6 Bc4+ 68. Ke5 Bd3 69. Kf4 Kf6 70. Ke3 Ke5 71. Kxd3 f4 72. Ke2 Ke4 73. Kf2 f3 74. Kf1 Kf4 75. Kf2 Ke4 76. Kf1 Ke3 77. Ke1 Kf4 78. Kf2 Kg4 79.
Ke3 Kg3 80. Kd2 f2 81. Kd3 Kg2 82. Kd4 f1=Q 83. Kc5 Qc4+ 84. Kb6 Kg3 85. Ka5 Kxh4 86. Kb6 Kg3 87. Ka5 h4 88. Kb6 h3 89.
Ka5 h2 90. Kb6 Qxb4 91. Ka6 Qc4 92. Kb6 Kf3 93. Ka6 Ke4 94. Kb6 Kd4 95. Ka6 Kd5 96.
Kb6 b4 97. Ka5 b3 98. Kb6 Qb4+ 99. Ka6 Kc6 100. Ka7 Qb7# 0-1

[Event "Late-Titled-Tuesday-Blitz-June-18-2024"]
[Site "Chess.com"]
[Date "2024.06.18"]
[Round "11"]
[White "Duhless"]
[Black "dropstoneDP"]
[Result "0-1"]
[WhiteElo "3096"]
[BlackElo "2991"]
[TimeControl "180+1"]
[EndTime "16:08:50 PDT"]
[Termination "dropstoneDP won by resignation"]

1. Nc3 Nc6 2. d4 e5 3. dxe5 Nxe5 4. e4 Bb4 5. Nf3 d6 6. Nxe5 Bxc3+ 7. bxc3 dxe5 8.
Qf3 Qf6 9. Qg3 Ne7 10. Bc4 Be6 11. Bb5+ c6 12. Bd3 h6 13. O-O Ng6 14. Ba3 Nf4 15.
c4 O-O-O 16. Qe3 Qg5 17. g3 Nxd3 18. Qxg5 hxg5 19. cxd3 Rxd3 20. Be7 Bxc4 21. Rfc1 Be6 22. Bxg5 f6 23. Be3 Kb8 24. a4 Bh3 25. a5 Rhd8 26. Bc5 R8d7 27. Be3 a6 28. Rab1 Kc8 29. Ra1 Kd8 30.
Rab1 Ke8 31. Ra1 g5 32. Re1 Kf7 33. f3 Rb3 34. Rab1 Ra3 35. Ra1 Rdd3 36. Rxa3 Rxa3 37. Kf2 Rxa5 38. g4 Ra3 39. Rd1 Kg6 40. Rd7 b5 41.
Bc5 Ra2+ 42. Ke3 Bf1 43. Rd2 Rxd2 44. Kxd2 a5 45. Bb6 a4 46. Bc5 Bg2 47. Ke3 Bf1 48.
Kd2 Kf7 49. Ke3 Ke6 50. Kd2 Kd7 51. Ke3 Kc7 52. Be7 Kd7 53. Bc5 Bc4 54. Kd2 Bb3 55. Ke2 Bc2 56. Kd2 Bb1 57. Ke2 Ke6 58. Kd2 Ba2 59. Kc3 Bc4 60. Kd2 Bf1 61. Ke1 Bg2 62.
Ke2 Bh1 63. Kf2 Kd7 64. Ke2 Kd8 65. Ke3 Kc7 66. Ke2 Kb7 67. Be7 Kb6 68. Bxf6 a3 69. Bxe5 b4 70. Bf6 b3 71. Kd2 b2 72. Kc2 Bxf3 73. Bd4+ c5 74. Kb3 Bxe4 75. Kxa3 b1=Q 76. Bb2 Kc6 77. Bc3 Kd5 0-1

[Event "Late-Titled-Tuesday-Blitz-June-18-2024"]
[Site "Chess.com"]
[Date "2024.06.18"]
[Round "11"]
[White "DenLaz"]
[Black "Bauman_Guy"]
[Result "1-0"]
[WhiteElo "3126"]
[BlackElo "2942"]
[TimeControl "180+1"]
[EndTime "16:09:00 PDT"]
[Termination "DenLaz won by resignation"]

1. d4 Nf6 2. c4 e6 3. Nf3 d5 4. g3 dxc4 5. Bg2 Bb4+ 6. Bd2 c5 7. Bxb4 cxb4 8. Ne5 O-O 9. O-O Nc6 10. Bxc6 bxc6 11.
a3 bxa3 12. Nxa3 Ba6 13. Naxc4 Bxc4 14. Nxc4 Qd5 15. Ne5 c5 16. Ra5 Qb7 17. dxc5 Qxb2 18. Nd3 Qd4 19. Qa1 Qe4 20. Re1 Nd5 21. Ra4 Qg6 22.
Rxa7 Rxa7 23. Qxa7 h5 24. Qa4 Rb8 25. c6 Qf6 26.
Qc4 Rc8 27. Rc1 g5 28. Nb4 Ne7 29. c7 h4 30. Qc3 Qxc3 31. Rxc3 Kf8 32. gxh4 gxh4 33.
Kg2 Ke8 34. Kh3 Nf5 35. Na6 Kd7 36. Rd3+ Kc6 37. Rd8 Kb7 38. e4 Ne7 39. Nc5+ Kxc7 40. Rd7+ Kc6 41. Rxe7 Kxc5 42. Rxf7 Kd4 43. f3 Rc2 44.
Kxh4 Rxh2+ 45. Kg3 Rh1 46. Rf6 Ke5 47. Rf8 Rg1+ 48.
Kf2 Ra1 49. Rh8 Rb1 50. Rh5+ Kf4 51. Rh4+ Ke5 52. Rg4 Ra1 53. Rg1 Ra2+ 54. Kg3 Ra8 55.
Rh1 Rg8+ 56. Kf2 Ra8 57. Rh4 Rb8 58. Kg3 Rg8+ 59. Rg4 Rh8 60. Rg5+ Kf6 61. Ra5 Rh1 62. Kf4 Rh4+ 63. Ke3 Rh1 64. Ra8 Rh2 65. Kf4 Rh4+ 66.
Kg3 Rh1 67. f4 Re1 68. Kf3 Rf1+ 69. Kg3 Re1 70. e5+ Kf5 71. Rf8+ Ke4 72. Rf6 Rf1 73. Kg4 Kd5 74. Kg5 Rg1+ 75. Kh6 Ke4 76. Rg6 Rh1+ 77. Kg7 Kxf4 78. Kf6 Ra1 79. Rh6 Ra6 80.
Rh4+ Ke3 81. Rc4 Kf3 82. Rd4 Ke3 83. Rd6 Ra8 84. Rxe6 Ke4 85. Rb6 Rf8+ 86. Ke7 Rh8 87. e6 Rh7+ 88. Kd6 Rh6 89. Kd7 Kd5 90. Rb5+ Kc4 91.
Rg5 Rh7+ 92. e7 Kd4 93. Kd8 1-0

[Event "Late-Titled-Tuesday-Blitz-June-18-2024"]
[Site "Chess.com"]
[Date "2024.06.18"]
[Round "11"]
[White "karinachess1"]
[Black "js20000"]
[Result "0-1"]
[WhiteElo "2676"]
[BlackElo "2817"]
[TimeControl "180+1"]
[EndTime "16:09:03 PDT"]
[Termination "js20000 won by checkmate"]

1. d4 d6 2. Nf3 Bf5 3. g3 Nf6 4. Bg2 h6 5. O-O c6 6. c4 Nbd7 7. Nc3 Ne4 8. Nh4 Nxc3 9. bxc3 Bh7 10. Qb3 Rb8 11. Be3 g5 12. Nf3 Bg7 13. Nd2 O-O 14. f4 e6 15. fxg5 hxg5 16. Ne4 Bxe4 17. Bxe4 c5 18. Rad1 Qe7 19. Qa3 a6 20. Qc1 f6 21.
Qd2 Rfd8 22. Rb1 b5 23. Bd3 Nb6 24. cxb5 c4 25. Bc2 axb5 26. Rxb5 Nd5 27. Rfb1 Rxb5 28. Rxb5 Qd7 29. a4 Nc7 30. Rb1 Qc6 31. Bf2 Qa8 32.
e4 Rb8 33. Qc1 Rxb1 34. Qxb1 Qa5 35. Qb4 Qxb4 36. cxb4 d5 37. b5 Bf8 38. Be1 Bd6 39.
Bc3 Kf7 40. Kf2 Ke7 41. h4 gxh4 42. gxh4 Kf7 43. Kf3 Kg7 44. Kg4 dxe4 45. Bxe4 f5+ 46. Bxf5 exf5+ 47. Kxf5 Nd5 48. Bd2 c3 49. Bxc3 Nxc3 50.
Ke6 Bc7 51. Kd7 Ba5 52. Kc6 Nxa4 53. d5 Nb6 54. d6 Kf7 55. h5 Nc8 56. h6 Kg6 57.
Kd7 Na7 58. Ke7 Nxb5 59. d7 Na7 60. d8=Q Nc6+ 61. Kd7 Nxd8 62. Kd6 Kxh6 63. Kd7 Nf7 64. Ke7 Kg6 65. Ke6 Bc3 66. Ke7 Bf6+ 67. Ke6 Ng5+ 68. Kd5 Kf5 69. Kd6 Be5+ 70. Kd5 Kf4 71. Kc6 Ke4 72.
Kd7 Kd5 73. Ke7 Ne6 74. Kd7 Nc5+ 75. Ke7 Bd4 76. Kf7 Ke4 77. Ke7 Be5 78. Kd8 Bd6 79. Kc8 Kd5 80. Kd8 Kc6 81. Kc8 Be7 82.
Kb8 Nd7+ 83. Kc8 Nb6+ 84. Kb8 Nd5 85. Kc8 Bf6 86. Kb8 Bd4 87. Kc8 Bc5 88. Kb8 Nc7 89. Kc8 Ba7 90. Kd8 Nd5 91. Kc8 Ne7+ 92. Kd8 Kd6 93.
Ke8 Ke6 94. Kd8 Bb6+ 95. Ke8 Nf5 96. Kf8 Bc7 97. Ke8 Ng7+ 98. Kf8 Kf6 99. Kg8 Kg6 100. Kf8 Bd6+ 101. Kg8 Ne6 102. Kh8 Ng7 103. Kg8 Nf5 104. Kh8 Be7 105. Kg8 Nh6+ 106. Kh8 Bf6# 0-1

[Event "Late-Titled-Tuesday-Blitz-June-18-2024"]
[Site "Chess.com"]
[Date "2024.06.18"]
[Round "11"]
[White "OparinGrigoriy"]
[Black "mishanick"]
[Result "1/2-1/2"]
[WhiteElo "3037"]
[BlackElo "3153"]
[TimeControl "180+1"]
[EndTime "16:11:43 PDT"]
[Termination "Game drawn by 50-move rule"]

1. Nf3 d5 2. g3 g6 3. c4 dxc4 4. Na3 Bg7 5. Nxc4 Be6 6. Ne3 c5 7. Bg2 Nc6 8. O-O Nf6 9. Ng5 Bd7 10. Qb3 O-O 11. Qxb7 Rb8 12. Qa6 Nd4 13. a4 Rb6 14. Qd3 Rb3 15. Qc4 h6 16. Nf3 Be6 17. Qxc5 Nxe2+ 18. Kh1 Nxc1 19. Raxc1 Rxb2 20. Qxa7 Ra2 21. Nd4 Bd7 22.
Nc6 Bxc6 23. Rxc6 e6 24. Rc2 Rxc2 25. Nxc2 Qxd2 26. Ne3 Nd7 27. a5 Ne5 28. Kg1 Nd3 29. Qd7 Qc3 30. Nd1 Qa3 31. Ne3 Nc5 32. Qb5 Nd3 33. Rd1 Nb2 34. Rd7 Na4 35. a6 Nc5 36. a7 Nxd7 37. Qxd7 Qa1+ 38. Nf1 Be5 39. Qb7 Qd4 40.
a8=Q Rxa8 41. Qxa8+ Kg7 42. Qf3 Qd6 43. h4 Bd4 44.
Qe2 Qc5 45. Bf3 Qf5 46. Kg2 Qf6 47. h5 g5 48. Nh2 Bc5 49. Ng4 Qd4 50. Qe5+ Qxe5 51.
Nxe5 Bd4 52. Nc6 Bc3 53. g4 Kf6 54. Be4 Kg7 55. Kf3 Kf6 56. Ke3 Bb2 57. Kd3 Kg7 58.
Kc4 Kf6 59. Kc5 Ba3+ 60. Kb6 Bd6 61. f3 Kg7 62. Kb7 Kf8 63. Kc8 Ke8 64. Nd4 Ke7 65. Kb7 Bc5 66. Nb5 Kd7 67. Nc3 Bd4 68. Nb5 Bc5 69.
Bd3 Be3 70. Bc2 Bc5 71. Ba4 Be3 72. Na3+ Ke7 73. Nc4 Bd4 74. Bc2 Bc5 75. Kc6 Bd4 76.
Nd6 Be5 77. Nc8+ Kd8 78. Nb6 Ke7 79. Bd3 Bd4 80. Nc4 Bc3 81. Nd6 Be5 82. Ne4 Bd4 83.
Nc5 Be5 84. Nb3 Bc3 85. Kc5 Be5 86. Bb5 Bc3 87. Kc4 Be5 88. Nd4 Bd6 89. Nc6+ Kf6 90. Kd4 Bf4 91. Bd3 Bd6 92. Kc4 Kg7 93. Kb5 Kf8 94.
Na7 Bf4 95. Kc6 Ke7 96. Nc8+ Kd8 97. Nd6 Ke7 98. Ne4 Be5 99. Kc5 Bb2 100. Bb5 Be5 101. Kc4 Bb2 102. Nf2 Be5 103. Nd3 Ba1 104. Ba4 Bf6 105. Bc2 Bg7 106. f4 gxf4 107. Nxf4 Bf6 108. Nh3 Bg7 109. Kd3 Kf6 110. Ke4 Bf8 111. Kf3 Bd6 112. Nf2 Be7 113. Ne4+ Kg7 114. Kf4 Bd8 115. Ba4 Bc7+ 116. Kf3 Be5 117. Nc5 Bd6 118. Nd3 Bc7 119. Bb3 Bd6 120. Nf2 Bc7 121. Ke4 Kf6 122. Bc2 Kg5 123. Kf3 f5 124. Nh3+ Kh4 125. gxf5 exf5 126.
Bxf5 Kxh5 127. Bg4+ Kg6 128. Nf2 h5 129. Bh3 h4 130.
Ne4 Bb8 131. Kg4 Be5 132. Bf1 Ba1 133. Bd3 Be5 134. Ng5+ Kf6 135. Kxh4 Bd4 136. Nf3 Bb2 137. Kg4 Ke6 138. Kf4 Bc1+ 139. Ke4 Bb2 140. Bc4+ Kf6 141. Nh2 Ba1 142. Ng4+ Kg5 143. Ne3 Kg6 144. Nd5 Kg7 145. Kf5 Kh7 146. Nf4 Kg7 147. Ne6+ Kh6 148. Be2 Kh7 149. Ng5+ Kg7 150. Ne6+ Kf7 151. Nf4 Kg7 152. Bh5 Kh6 153. Bg6 Kg7 154. Ne6+ Kg8 155. Bh5 Bb2 156. Kg6 Ba1 157. Bf3 Bb2 158. Bd5 Ba1 159. Ng5+ Kf8 160. Kf5 Ke7 161. Ne4 Bb2 162. Bb3 Ba1 163. Nd2 Bb2 164. Nc4 Ba1 165. Bc2 Bc3 166. Be4 Ba1 167. Ne3 Bd4 168. Nd5+ Kd6 169. Kf4 Be5+ 170. Ke3 Ba1 171. Kd3 Ke5 172. Ne3 Ke6 173. Nc4 Kf6 174. Bg2 Kg6 175. Ke4 Kf6 176. Bh3 Kg6 177. Ne3 Kf6 178. Nd5+ Kg6 179. Kf4 Bb2 180. Bf5+ Kg7 181. Kg5 Bc1+ 182. Kh5 Bb2 183. Be6 Bc1 184. Kg4 Kg6 185. Bf5+ 1/2-1/2